AoeStats
← Amor Fati

African Clearing

506108843Analyzed
2v2 RM · 20d ago on Sep 12, 2026· 20m 57s· 4 players
Game mode
Random Map
Map size
Medium (4 player)
Population
200
Speed
Normal
Resources
Standard
Victory
Conquest
Starting age
Dark Age
Ending age
Imperial Age
RankedLock teamsTeams togetherTeam positionsShared explorationLock speedFull tech treeHidden civsTurbo modeCheats
Victory
Defeat
🇳🇱 Georgians · Netherlands
1204
+15
🇳🇱 Huns · Netherlands
1178
+17
🇩🇪 Sicilians · Germany
1199
-16
🇫🇮 Spanish · Finland
1183
-16
HzN
11:24 Loom
14:05 Feudal Age
17:56 Castle Age
15:51 Stone Mining
16:41 Double-Bit Axe
MarcoPolo
12:29 Feudal Age
12:17 Loom
16:10 Castle Age
14:34 Double-Bit Axe
19:06 Horse Collar
20:28 Wheelbarrow
Slowcookerfastshooter
13:50 Feudal Age
12:16 Loom
17:54 Castle Age
16:46 Scale Barding Armor
16:37 Double-Bit Axe
16:59 Horse Collar
17:24 Stone Mining
17:27 Gold Mining
17:58 Scale Mail Armor
18:11 Forging
19:16 Bow Saw
21:17 Bloodlines
Amor Fati
3:59 Loom
14:09 Feudal Age
17:45 Castle Age
16:05 Double-Bit Axe
17:28 Gold Mining
17:42 Fletching
18:44 Bow Saw
Connection lost

Rejoining the realm…

Still unreachable

The connection could not be restored.

Session expired

The server has moved on; the page needs a fresh start.